Map: [ESL] Babylon

Players

eGGz

  • Race: Zerg Zerg
  • Spawn Location: 11:00

Scarlett - Winner!

  • Race: Zerg Zerg
  • Spawn Location: 5:00

Event: ESL SC2 Masters 2023 Summer (Regionals)

VOD

Have the link to the VOD?

Description

Time

  • Played on: May 9, 2023, 2:40 p.m.
  • Length: 7:35

All games in this series

Show
View Real Time Build Order
Export as new Build Order

eGGz Zerg 

Build Orders: Hatch First 

Get SALT Encoding   

  12  0:01  Drone  
  13  0:14  Overlord  
  13  0:17  Drone  
  14  0:32  Drone  
  14  0:33  Drone  
  16  0:36  Drone  
  17  0:55  Hatchery  
  17  0:56  Drone  
  17  0:59  Drone  
  18  1:11  Overlord  
  18  1:19  Spawning Pool  
  18  1:22  Drone  
  18  1:37  Drone  
  19  1:41  Drone  
  21  1:54  Drone  
  21  2:02  Drone  
  21  2:05  Queen  
  21  2:07  Zergling x2, Queen  
  27  2:12  Drone  
  28  2:18  Drone  
  29  2:28  Drone  
  29  2:29  Drone  
  30  2:34  Drone  
  30  2:35  Extractor  
  30  2:37  Extractor  
  30  2:39  Drone  
  30  2:44  Queen  
  30  2:47  Overlord  
  30  2:50  Drone  
  33  2:55  Drone  
  34  3:01  Drone  
  35  3:07  Drone  
  35  3:12  Drone  
  36  3:16  Overlord  
  36  3:17  Evolution Chamber  
  36  3:18  Drone x5  
  40  3:20  Roach Warren  
  40  3:23  Drone  
  40  3:26  Lair  
  40  3:27  Drone  
  41  3:34  Drone  
  42  3:44  Zerg Missile Weapons Level 1  
  42  3:47  Drone x2  
  44  3:49  Hatchery  
  44  3:51  Extractor  
  44  3:52  Drone x2  
  44  3:59  Overlord  
  44  4:01  Drone x2  
  46  4:05  Overlord  
  46  4:07  Overlord  
  46  4:12  Overlord  
  46  4:19  Roach x3  
  46  4:23  Glial Reconstitution  
  52  4:26  Extractor, Drone x2  
  52  4:29  Drone x2  
  55  4:31  Drone  
  55  4:34  Roach  
  58  4:39  Drone x3  
  58  4:43  Overseer  
  61  4:53  Drone  
  61  4:54  Spire  
  61  4:58  Roach x3  
  67  5:01  Drone x2  
  67  5:05  Drone  
  67  5:06  Drone  
  71  5:07  Drone  
  71  5:08  Drone  
  71  5:14  Overlord  
  73  5:18  Roach x3  
  79  5:23  Overlord  
  79  5:27  Extractor  
  79  5:28  Drone x2  
  80  5:34  Roach x2  
  80  5:35  Roach  
  86  5:40  Drone  
  86  5:41  Drone x3  
  90  5:43  Drone x4  
  90  5:49  Overlord  
  94  5:52  Overlord  
  94  5:53  Extractor  
  94  5:54  Overlord  
  94  5:55  Overlord  
  93  5:57  Overlord  
  93  6:07  Mutalisk  
  93  6:08  Mutalisk  
  93  6:10  Mutalisk x3  
  103  6:17  Mutalisk x2  
  109  6:20  Roach  
  109  6:24  Roach x2  
  115  6:27  Roach x2  
  115  6:32  Roach x3  
  107  6:42  Roach x6  
  101  6:48  Queen x2  
  101  6:51  Roach  
  89  6:55  Roach  
  89  6:56  Roach  
  85  7:08  Roach x4  
  81  7:13  Roach  
Show
View Real Time Build Order
Export as new Build Order

Scarlett Zerg - Winner!

Build Orders: Pool First 

Get SALT Encoding   

  12  0:00  Drone  
  13  0:12  Overlord  
  13  0:17  Drone  
  14  0:30  Drone x2  
  14  0:34  Drone  
  17  0:44  Spawning Pool  
  17  0:47  Drone  
  17  1:08  Hatchery  
  16  1:11  Extractor  
  16  1:12  Drone  
  16  1:15  Drone  
  17  1:19  Drone  
  18  1:31  Zergling x2  
  18  1:32  Queen  
  21  1:38  Drone  
  22  1:48  Overlord  
  22  2:07  Drone, Queen  
  25  2:10  Drone  
  26  2:19  Queen  
  26  2:20  Drone  
  29  2:26  Drone  
  30  2:31  Drone  
  30  2:35  Drone  
  32  2:39  Drone x3  
  32  2:43  Overlord  
  35  2:45  Drone  
  36  2:57  Hatchery  
  35  3:01  Overlord  
  35  3:08  Drone x3  
  38  3:13  Drone x3  
  38  3:15  Drone  
  38  3:19  Drone x2  
  44  3:26  Lair  
  44  3:30  Extractor  
  44  3:32  Evolution Chamber  
  42  3:34  Drone x2  
  42  3:35  Drone  
  42  3:38  Drone  
  46  3:45  Roach Warren  
  45  3:48  Extractor  
  45  3:49  Drone x3  
  45  3:50  Drone  
  45  3:51  Drone  
  49  3:58  Extractor  
  49  3:59  Zerg Missile Weapons Level 1  
  48  4:03  Drone x4  
  48  4:09  Overlord  
  52  4:15  Overlord  
  54  4:17  Drone x3  
  54  4:26  Glial Reconstitution  
  54  4:27  Overseer  
  54  4:29  Drone x5  
  54  4:31  Drone  
  60  4:35  Drone x2  
  62  4:41  Drone x2  
  62  4:42  Overlord, Drone x2  
  74  4:52  Roach  
  74  4:53  Roach x3  
  74  4:56  Overlord  
  74  4:57  Overlord  
  74  5:00  Overlord  
  74  5:03  Roach  
  74  5:05  Roach  
  78  5:07  Roach  
  78  5:08  Roach  
  82  5:14  Overlord x3  
  82  5:19  Roach x3  
  88  5:22  Roach  
  88  5:24  Ravager x4  
  94  5:29  Roach x4  
  94  5:35  Roach x3  
  108  5:41  Roach x4  
  116  5:46  Roach  
  116  5:47  Roach x2  
  116  5:49  Overlord  
  122  5:50  Overlord  
  122  5:54  Roach x2  
  126  6:04  Roach x2  
  126  6:10  Roach x6  
  142  6:23  Overlord, Roach  
  142  6:24  Roach  
  146  6:38  Roach x3  
  146  6:39  Hydralisk Den, Queen  
  143  6:40  Queen x2  
  143  6:44  Roach x5  
  149  6:53  Drone x10  
  149  7:01  Overlord  
  149  7:02  Overlord  
  149  7:07  Roach x2  
  149  7:14  Extractor x2  
Tags
 
Add a new tag
Caveats
  • Supply blocks, unpowered buildings, or Contaminate may cause inaccurate times.
  • Supply counts are checked every 10 seconds.